Map: Dreamcatcher LE

Players

Lonk - Winner!

  • Race: Zerg Zerg
  • League: Diamond
  • Spawn Location: 5:00

KDT

  • Race: Protoss Protoss
  • League: Diamond
  • Spawn Location: 11:00

VOD

Have the link to the VOD?

Description

Time

  • Played on: Nov. 18, 2018, 10:40 p.m.
  • Length: 11:28
Show
View Real Time Build Order
Export as new Build Order

Lonk Zerg - Winner!

Build Orders: Hatch First, Lurkers 

Get SALT Encoding   

  12  0:02  Drone  
  13  0:12  Overlord  
  13  0:17  Drone  
  14  0:31  Drone x2  
  16  0:36  Drone  
  17  0:56  Drone, Hatchery  
  17  1:01  Extractor  
  17  1:02  Drone  
  17  1:22  Spawning Pool  
  16  1:27  Drone x2  
  16  1:29  Drone  
  19  2:09  Metabolic Boost  
  19  2:10  Zergling x6  
  19  2:11  Queen  
  19  2:12  Queen  
  19  2:14  Overlord  
  26  2:29  Baneling Nest  
  25  2:43  Drone x5  
  25  2:44  Drone  
  31  3:08  Queen  
  31  3:09  Queen  
  31  3:11  Overlord x2  
  35  3:34  Baneling x3  
  35  3:38  Zergling x6  
  35  3:39  Zergling x2  
  38  3:43  Baneling x2  
  38  3:44  Zergling x4  
  38  3:45  Zergling x4  
  41  4:04  Zergling x6  
  41  4:05  Zergling x2  
  44  4:19  Zergling x4  
  45  4:28  Zergling x4  
  42  4:44  Zergling x6  
  38  5:01  Drone x4  
  38  5:02  Drone  
  40  5:22  Hatchery  
  40  5:25  Drone x3  
  40  5:26  Drone x2  
  44  5:28  Baneling x3  
  44  5:29  Baneling  
  44  5:30  Zergling x4  
  46  5:36  Extractor  
  46  5:38  Roach Warren  
  44  5:43  Drone x4  
  48  5:52  Drone  
  48  5:55  Extractor, Hatchery  
  47  5:58  Extractor  
  47  5:59  Spore Crawler  
  47  6:00  Lair  
  45  6:05  Drone x3  
  45  6:06  Zergling x8  
  52  6:23  Overlord x3  
  52  6:43  Queen  
  52  6:44  Drone x6  
  52  6:45  Drone  
  61  6:47  Roach  
  61  6:48  Roach x2  
  67  6:59  Drone x3  
  70  7:01  Hydralisk Den  
  70  7:07  Drone x2  
  70  7:08  Drone x2  
  73  7:17  Drone x3  
  76  7:25  Drone x3  
  76  7:26  Overlord  
  76  7:27  Overlord x2  
  76  7:28  Queen  
  81  7:34  Grooved Spines  
  81  7:42  Lurker Den  
  80  7:58  Drone x5  
  83  7:59  Drone, Hydralisk x3  
  83  8:00  Hydralisk x2  
  96  8:09  Drone  
  96  8:10  Drone  
  96  8:11  Drone x4  
  102  8:14  Overlord x2  
  102  8:18  Extractor  
  101  8:21  Extractor  
  101  8:26  Drone x4  
  104  8:27  Hydralisk x3  
  110  8:39  Evolution Chamber  
  109  8:46  Muscular Augments, Drone  
  109  8:47  Drone x4  
  114  8:48  Hydralisk x3  
  114  8:49  Hydralisk x3  
  114  8:50  Zergling x4  
  114  8:52  Overseer  
  128  9:09  Extractor  
  127  9:11  Extractor  
  127  9:12  Overlord x4  
  127  9:15  Zerg Missile Weapons Level 1  
  126  9:19  Spore Crawler  
  108  9:36  Hydralisk  
  108  9:37  Hydralisk x10  
  128  9:45  Hatchery  
  128  9:50  Spore Crawler  
  126  9:53  Spore Crawler  
  123  10:13  Lurker x3  
  123  10:14  Lurker x6  
  130  10:18  Hydralisk  
  130  10:19  Zergling x6  
  130  10:20  Lurker Den, Zergling x14  
  130  10:21  Zergling x4  
  145  10:24  Queen  
  145  10:27  Spore Crawler  
  146  10:30  Spore Crawler  
Show
View Real Time Build Order
Export as new Build Order

KDT Protoss 

Build Orders:  

Get SALT Encoding   

  12  0:01  Probe  
  13  0:13  Probe  
  14  0:35  Pylon  
  14  0:42  Probe  
  15  0:54  Probe (Chrono Boost)  
  16  1:04  Probe (Chrono Boost)  
  17  1:09  Nexus, Probe (Chrono Boost)  
  18  1:33  Gateway  
  18  1:35  Gateway  
  18  1:38  Probe  
  19  1:42  Assimilator  
  19  1:50  Probe  
  19  1:52  Assimilator  
  20  2:02  Probe  
  21  2:12  Gateway  
  21  2:15  Probe  
  22  2:22  Pylon  
  22  2:26  Cybernetics Core  
  22  2:27  Probe  
  22  2:29  Zealot  
  25  2:32  Probe  
  25  2:39  Probe  
  26  2:48  Probe  
  26  2:51  Probe  
  28  3:00  Probe (Chrono Boost)  
  28  3:04  Probe (Chrono Boost)  
  30  3:12  Probe (Chrono Boost)  
  32  3:14  Assimilator, Probe (Chrono Boost)  
  32  3:16  Adept (Chrono Boost), Assimilator, Warp Gate  
  32  3:17  Probe (Chrono Boost)  
  32  3:18  Probe (Chrono Boost)  
  35  3:27  Probe  
  37  3:33  Pylon  
  40  3:43  Adept x2 (Chrono Boost)  
  34  4:19  Probe x2 (Chrono Boost)  
  34  4:23  Adept (Chrono Boost)  
  36  4:24  Adept (Chrono Boost)  
  36  4:26  Adept (Chrono Boost)  
  36  4:29  Probe x2 (Chrono Boost)  
  44  4:32  Shield Battery  
  44  4:34  Probe x2 (Chrono Boost)  
  46  4:42  Shield Battery  
  46  4:49  Probe x2  
  46  5:05  Pylon  
  46  5:23  Probe x2, Stargate  
  48  5:35  Probe x2  
  50  5:39  Gateway  
  50  5:41  Gateway  
  50  5:47  Probe (Chrono Boost), Pylon  
  52  5:51  Probe (Chrono Boost), Pylon  
  52  5:55  Forge  
  52  5:59  Pylon  
  52  6:04  Probe (Chrono Boost)  
  52  6:05  Probe (Chrono Boost)  
  54  6:14  Probe  
  54  6:17  Nexus, Probe  
  56  6:19  Pylon  
  56  6:22  Pylon  
  56  6:27  Probe, Stargate  
  56  6:30  Probe  
  58  6:36  Protoss Ground Weapons Level 1  
  58  6:40  Photon Cannon  
  58  6:44  Photon Cannon  
  58  6:46  Pylon  
  58  6:50  Pylon  
  58  7:00  Oracle (Chrono Boost)  
  61  7:06  Probe (Chrono Boost)  
  63  7:11  Probe (Chrono Boost)  
  63  7:13  Oracle (Chrono Boost)  
  63  7:15  Zealot x2  
  71  7:16  Probe (Chrono Boost), Stalker  
  71  7:20  Probe (Chrono Boost)  
  71  7:21  Probe (Chrono Boost)  
  74  7:25  Oracle (Chrono Boost)  
  78  7:32  Probe (Chrono Boost), Gateway  
  78  7:33  Probe x2 (Chrono Boost)  
  78  7:36  Shield Battery, Gateway  
  81  7:37  Oracle  
  81  7:40  Gateway  
  81  7:43  Probe (Chrono Boost)  
  87  7:44  Probe (Chrono Boost)  
  87  7:45  Probe (Chrono Boost)  
  87  7:48  Probe (Chrono Boost)  
  87  7:49  Probe (Chrono Boost)  
  89  7:51  Probe (Chrono Boost)  
  89  7:56  Probe  
  91  7:59  Probe  
  96  8:05  Forge  
  96  8:09  Oracle (Chrono Boost), Photon Cannon  
  96  8:11  Oracle (Chrono Boost)  
  98  8:13  Photon Cannon  
  98  8:15  Assimilator  
  98  8:19  Assimilator  
  98  8:25  Robotics Facility  
  98  8:32  Pylon  
  98  8:35  Pylon  
  98  8:38  Protoss Ground Armor Level 1, Twilight Council  
  98  8:53  Stalker  
  98  8:54  Stalker x2  
  104  8:56  Probe x2, Gateway, Robotics Facility  
  104  8:57  Gateway  
  104  8:59  Probe  
  107  9:08  Probe x2  
  107  9:09  Zealot  
  111  9:10  Zealot x2  
  111  9:13  Immortal  
  116  9:47  Oracle  
  119  9:53  Robotics Bay  
  119  9:57  Immortal x2  
  127  10:25  Zealot x3  
  133  10:46  Robotics Bay  
  133  10:49  Pylon  
  133  10:51  Pylon  
  133  10:54  Pylon  
  137  11:12  Zealot x3  
  137  11:13  Zealot  
Tags
 
Composition
Lurkers
Matchup
PvZ
Spawn Locations
Cross Positions
Add a new tag
Caveats
  • Supply blocks, unpowered buildings, or Contaminate may cause inaccurate times.
  • Supply counts are checked every 10 seconds.